 Dungeon Crawl Stone Soup version 0.26-a0-651-gb41185065b (webtiles) character file.

Game seed: 184101643320100642

48 Irenicus the Scratcher (level 3, 0/25 HPs)
             Began as a Felid Chaos Knight on Oct 30, 2020.
             Was a Plaything of Xom.
             Succumbed to an adder's poison
             ... on level 2 of the Dungeon.
             The game lasted 00:02:05 (1199 turns).

Irenicus the Scratcher (Felid Chaos Knight)         Turns: 1199, Time: 00:02:06

Health: 0/25       AC: 21    Str:  8    XL:     3   Next: 50%
Magic:  4/4        EV:  4    Int: 13    God:    Xom [..*...]
Gold:   54         SH:  0    Dex: 16    Spells: 2/2 levels left
                                        Lives:  0   Deaths: 0

rFire    + . .     SeeInvis +     - Unarmed
rCold    + . .     Faith    .   (shield unavailable)
rNeg     + + +     Spirit   .   (armour unavailable)
rPois    +         Reflect  .   (helmet unavailable)
rElec    +         Harm     .   (cloak unavailable)
rCorr    +         Rampage  .   (gloves unavailable)
MR       .....     NoTele   +   (boots unavailable)
Stlth    +.........             (no amulet)
HPRegen  0.08/turn              (no ring)
MPRegen  0.09/turn              (no ring)

@: lethally poisoned (0 -> -7), tree-form, resistant
A: very small, no armour, no weapons or thrown items, stealth, see invisible
a: Renounce Religion


You were on level 2 of the Dungeon.
You worshipped Xom.
You were a toy of Xom.
You were a tree.
You visited 1 branch of the dungeon, and saw 2 of its levels.

You collected 54 gold pieces.

Inventory:

Scrolls
 a - a scroll of teleportation {unknown}
 b - a scroll of enchant weapon {unknown}
 d - a scroll of remove curse {unknown}
 e - 2 scrolls of identify {unknown}
 g - a scroll of fog {unknown}
 i - a scroll of amnesia {unknown}
 j - a scroll of magic mapping {unknown}
Potions
 h - a potion of lignification {!q}


   Skills:
 - Level 3.0 Fighting
 - Level 3.2 Dodging
 + Level 4.6 Unarmed Combat


You had 2 spell levels left.
You didn't know any spells.
Your spell library was empty.

Dungeon Overview and Level Annotations

Branches:
Dungeon (2/15)

Altars:
Elyvilon


Innate Abilities, Weirdness & Mutations

You cannot wear armour.
You are incapable of wielding weapons or throwing items.
Your paws allow you to move quietly. (Stealth)
((You have sharp claws.))
((You have razor-sharp teeth.))
You have supernaturally acute eyesight. (SInv)
((You cover ground quickly.))
((You are covered in fur. (AC +1)))
((Your sharp claws are effective at attacking unaware monsters.))


Message History

The worm misses you.
You barely miss the worm. You scratch the worm. You bite the worm.
The worm is heavily wounded.
The worm completely misses you.
Health restored: 17 You scratch the worm.
The worm is severely wounded.
You claw the worm!
You kill the worm!
You see here a worm corpse.
Found a stone staircase leading down.
A quokka comes into view.
A quokka is nearby!
You now have 54 gold pieces (gained 10).
An adder comes into view.
You pounce on the unaware helpless quokka!
You claw the quokka!
You kill the quokka!
You see here a quokka corpse.
The adder bites you.
You are poisoned.
The adder poisons you!
You take 2 damage, and have 15/17 hp.
You scratch the adder.
The adder is heavily wounded.
You feel sick. The adder closely misses you. The adder bites you.
You take 4 damage, and have 11/17 hp.
MASSIVE DAMAGE!!
You closely miss the adder.
The adder is heavily wounded.
The adder barely misses you.
You miss the adder.
The adder is heavily wounded.
You feel sick. The adder completely misses you.
You take 1 damage, and have 10/17 hp.
You completely miss the adder.
The adder is heavily wounded.
The adder barely misses you.
You closely miss the adder.
The adder is heavily wounded.
The adder misses you.
You closely miss the adder.
The adder is heavily wounded.
The adder bites you but does no damage. The adder completely misses you.
You scratch the adder. You bite the adder.
The adder is heavily wounded.
You feel sick. The adder completely misses you.
You take 1 damage, and have 9/17 hp.
You miss the adder.
The adder is heavily wounded.
The adder misses you.
You miss the adder.
The adder is heavily wounded.
The adder bites you.
You are lethally poisoned!
The adder poisons you! The adder bites you.
* * * LOW HITPOINT WARNING * * *
You are more poisoned.
The adder poisons you!
You take 4 damage, and have 5/17 hp.
MASSIVE DAMAGE!!
You closely miss the adder.
The adder is heavily wounded.
* * * LOW HITPOINT WARNING * * *
You feel sick. The adder closely misses you.
You take 1 damage, and have 4/17 hp.
It was a potion of lignification.
You turn into a tree.
Your roots penetrate the ground.
Xom thinks this is hilarious!
* * * LOW HITPOINT WARNING * * *
You feel sick. The adder bites you.
* * * LOW HITPOINT WARNING * * *
You now have 4/25 hp.
You barely miss the adder. You punch the adder.
The adder is almost dead.
* * * LOW HITPOINT WARNING * * *
You feel sick. The adder bites you but does no damage.
You take 1 damage, and have 3/25 hp.
It was a potion of magic.
Magic courses through your body. The adder bites you but does no damage.
You barely miss the adder.
The adder is almost dead.
* * * LOW HITPOINT WARNING * * *
You feel sick.
The adder bites you but does no damage. x2
You take 1 damage, and have 3/25 hp.
You closely miss the adder.
The adder is almost dead.
* * * LOW HITPOINT WARNING * * *
You feel sick. The adder bites you but does no damage.
You take 1 damage, and have 2/25 hp.
It was a potion of resistance.
You feel protected. The adder barely misses you.
It was a potion of flight.
Your roots keep you in place.
* * * LOW HITPOINT WARNING * * *
You feel sick.
The adder bites you but does no damage. x2
You take 1 damage, and have 1/25 hp.
You closely miss the adder.
The adder is almost dead.
You die...
Xom roars with laughter!

#######..#>.........#
#........#............#
#.....................#
#........##...........#
#......................
#.........#...........#
#...........##.........
#...........##....<....
#..$.S♣.†...##.........
#...........##.........
##..........##.........
#..........##.........
##........###.........
#....................
#..........##......<..
#..........##.........
#..........#..........


You could see an adder.

Vanquished Creatures
  2 oozes (D:2)
  A worm (D:2)
  A dart slug (D:1)
  3 giant cockroaches
  6 goblins
  2 hobgoblins
  3 jackals (D:2)
  2 quokkas (D:2)
  A ball python (D:2)
  5 bats
  3 frilled lizards (D:1)
  3 kobolds
  A rat (D:1)
33 creatures vanquished.

Notes
Turn   | Place    | Note
-------+----------+-------------------------------------------
     0 | D:1      | Irenicus the Felid Chaos Knight began the quest for the
                  | Orb.
     0 | D:1      | Reached XP level 1. HP: 10/10 MP: 2/2
   321 | D:1      | Reached XP level 2. HP: 12/14 MP: 3/3
   326 | D:1      | XOM: silly message
   334 | D:1      | XOM: noise
   591 | D:1      | XOM: cast spell 'Call Canine Familiar'
   935 | D:2      | Reached skill level 4 in Unarmed Combat
   960 | D:2      | Found a white marble altar of Elyvilon.
   996 | D:2      | Reached XP level 3. HP: 13/17 MP: 4/4
  1050 | D:2      | XOM: divination: detect items
  1191 | D:2      | HP: 4/17 [poisoned by an adder]
  1196 | D:2      | HP: 2/25 [poisoned by an adder]
  1199 | D:2      | Succumbed to an adder's poison

Illustrated notes

Levels and vault maps discovered:
D:1:      minmay_arrival_floating_metal, layout_loops_corners,
          chequers_serial_rivers_small_b, minmay_cut_off
D:2:      layout_rooms, elyvilon_altar_5

Skill      XL: |  1  2 |
---------------+-------+-----
Unarmed Combat | 4 |  4.6
Fighting       | |  3.0
Dodging        | |  3.2

Action                   || total
-------------------------++-------
Melee: Unarmed           ||    90
       Bite              ||     7
       Punch             ||     1
  Use: Potion            ||     4
 Stab: Sleeping          ||     4
Armor: Skin              ||    12
Dodge: Dodged            ||    73

Table legend: (Time is in decaauts)
 A = Elapsed time spent in this place.
 B = Non-inter-level travel time spent in this place.
 C = Inter-level travel time spent in this place.
 D = Time resting spent in this place.
 E = Time spent auto-exploring this place.
 F = Levels seen in this place.
 G = Mean time per level.
                   A        B        C        D        E       F      G
               +--------+--------+--------+--------+--------+-----+--------+
         Total |    998 |    998 |      0 |      0 |    766 |   2 |  499.0 |
       Dungeon |    998 |    998 |      0 |      0 |    766 |   2 |  499.0 |
               +--------+--------+--------+--------+--------+-----+--------+

Top non-repeatable levels by time:
     D:1: 740 daAuts
     D:2: 258 daAuts

Table legend:
 A = Kills in this place as a percentage of kills in entire the game.
 B = Kills by you in this place as a percentage of kills by you in the entire game.
 C = Kills by friends in this place as a percentage of kills by friends in the entire game.
 D = Other kills in this place as a percentage of other kills in the entire game.
 E = Experience gained in this place as a percentage of experience gained in the entire game.
 F = Experience gained in this place divided by the number of levels of this place that you have seen.
                   A       B       C       D       E      F
               +-------+-------+-------+-------+-------+----------------------
         Total | 100.0 | 100.0 |   N/A |   N/A | 100.0 |  34.5
       Dungeon | 100.0 | 100.0 |   N/A |   N/A | 100.0 |  34.5
               +-------+-------+-------+-------+-------+----------------------
